 Dungeon Crawl Stone Soup version 0.31-a0-692-gf03d1854d5 (webtiles) character file.

Game seed: 15675648749541113260

74 Essalna the Conjurer (level 4, 30/30 HPs)
             Began as a Demonspawn Conjurer on Sept 7, 2023.
             Got out of the dungeon alive.
             The game lasted 00:03:10 (1979 turns).

Essalna the Conjurer (Demonspawn Conjurer)          Turns: 1979, Time: 00:03:12

Health: 30/30      AC:  2    Str:  8    XL:     4   Next: 10%
Magic:  8/8        EV: 12    Int: 21    God:
Gold:   206        SH:  0    Dex: 11    Spells: 8/9 levels left

rFire   + . .        g - +1 quarterstaff (distort)
rCold   . . .        (shield currently unavailable)
rNeg    . . .        a - +0 robe
rPois   .            (helmet restricted)
rElec   .            (no cloak)
rCorr   .            (no gloves)
SInv    .            (no boots)
Will    .....        (no amulet)
Stlth   ++           h - ring of protection from fire
HPRegen 0.25/turn    (no ring)
MPRegen 0.11/turn

%: no passive effects
@: no status effects
A: horns 1, demonic guardian 1
a: no special abilities


You escaped.
You visited 1 branch of the dungeon, and saw 2 of its levels.

You collected 206 gold pieces.

Inventory:

Hand Weapons
 d - a +0 dagger
 g - a +1 quarterstaff of distortion (weapon)
Armour
 a - a +0 robe (worn)
Jewellery
 h - a ring of protection from fire (left hand)
Scrolls
 c - 5 scrolls of identify {unknown}
 f - a scroll of blinking {unknown}
 i - a scroll of teleportation {unknown}
 k - a scroll of noise {unknown}
Potions
 b - 2 potions of magic
 e - a potion of mutation {unknown}
 j - a potion of heal wounds {unknown}


   Skills:
 - Level 1.7 Dodging
 - Level 1.7 Stealth
 + Level 3.2 Spellcasting
 + Level 4.9 Conjurations


You had 8 spell levels left.
You knew the following spells:

 Your Spells              Type           Power      Damage    Failure   Level
a - Magic Dart            Conj           96%        1d7       1%          1

Your spell library contained the following spells:

 Spells                   Type           Power      Damage    Failure   Level
 Searing Ray              Conj           48%        2d6       2%          2
 Dazzling Flash           Conj/Hex       26%        N/A       14%         3
 Sublimation of Blood     Necr           3%         N/A       21%         2
 Wereblood                Tmut           3%         N/A       21%         2
 Ignite Poison            Fire/Tmut/Pois 3%         N/A       36%         3
 Fulminant Prism          Conj/Hex       6%         3d7       43%         4
 Iskenderun's Mystic Bla  Conj/Tloc      13%        2d5       43%         4
 Sticky Flame             Conj/Fire      13%        2d4       43%         4
 Summon Hydra             Summ           1%         N/A       100%        7
 Ignition                 Fire           1%         3d3       100%        8


Dungeon Overview and Level Annotations

Branches:
Dungeon (2/15)

Altars:

Shops:
D:1 !=:[*   D:2 *


Innate Abilities, Weirdness & Mutations

You have a pair of small horns on your head.
A weak demonic guardian rushes to your aid.


Message History

There is an open door here.
You close the door.
There is an open door here.
A gnoll is nearby!
The magic dart hits the gnoll.
The gnoll is heavily wounded.
The magic dart hits the gnoll.
The gnoll is heavily wounded.
The magic dart hits the gnoll.
The gnoll is almost dead.
The magic dart hits the gnoll.
You kill the gnoll!
The magic dart hits the gnoll!
The gnoll is heavily wounded.
The magic dart hits the gnoll.
The gnoll is almost dead.
You are out of magic!
You hit the gnoll but do no damage.
Space warps horribly around the gnoll!
You kill the gnoll!
You have reached level 4!
You feel stronger.
You feel monstrous as your demonic heritage exerts itself.
Your demonic ancestry asserts itself...
A pair of horns grows on your head!
You open the door.
There is an open door here.
There is a stone staircase leading up here.
You climb upwards.
There is a stone staircase leading down here.
Magic restored.
There is an entrance to Roych's Book Emporium here.
You completely miss the quokka. The quokka misses you. x2
You hit the quokka.
You kill the quokka!
No target in view!
No target in view!
There is a fountain of clear blue water here.
There is an open door here.
There is a staircase leading out of the dungeon here.
You have escaped!

#.#####.###.#..###.######..
#.# #.##..#.## ##........
#># #.##.##..###.#.......
#.## #.##.##.#.#.##.####..
#..# #.##.##.##..##.####..
##.# #.##.##.##...........
#.# #..#################.
#.# ####..#.....#..# #. #.#
#@.###'###..# #. #.#
#..'..(..'..# #. #.#
####..#..#### #.
#.#######....###....# #.
#.......#.....#.....# ##
#######.#.#.⌠.#.⌠.#.#
#.#.#..†....#.#
#.#.###...###.#
#.#...........# #


There were no monsters in sight!

Vanquished Creatures
  3 gnolls (D:2)
  A worm (D:2)
  2 endoplasms
  A giant cockroach (D:1)
  6 goblins
  2 hobgoblins (D:2)
  8 kobolds
  2 quokkas (D:1)
  5 ball pythons
  3 bats
  5 frilled lizards
  5 rats
43 creatures vanquished.

Notes
Turn   | Place    | Note
-------+----------+-------------------------------------------
     0 | D:1      | Essalna the Demonspawn Conjurer began the quest for the
                  | Orb.
     0 | D:1      | Reached XP level 1. HP: 13/13 MP: 3/3
    66 | D:1      | Found Roych's Book Emporium.
   139 | D:1      | Found Irokou's Assorted Antiques.
   279 | D:1      | Found Cushoriargh's Armour Shop.
   409 | D:1      | Gained mutation: A weak demonic guardian rushes to your
                  | aid. [demonic ancestry]
   409 | D:1      | Reached XP level 2. HP: 19/19 MP: 1/5
   723 | D:1      | Found Yddep Avah's Distillery.
   812 | D:1      | Found Zohil's Jewellery Shoppe.
  1280 | D:2      | Reached XP level 3. HP: 24/24 MP: 0/7
  1359 | D:2      | Found Zilosacw's Assorted Antiques.
  1873 | D:2      | Discovered your monstrous ancestry.
  1873 | D:2      | Gained mutation: You have a pair of small horns on your
                  | head. [demonic ancestry]
  1873 | D:2      | Reached XP level 4. HP: 30/30 MP: 0/8
  1979 | D:$      | Got out of the dungeon alive.

Illustrated notes

Levels and vault maps discovered:
D:1:      dpeg_arrival_court, layout_loops_ring, serial_shops, shop,
          nicolae_shop_industrial_runoff, shop, nicolae_shop_back_alley_shop,
          shop_coins, grunt_decor_junction, hangedman_abyss_or_decor_stabs,
          minmay_hexomino_p4
D:2:      layout_loops_corners, basic_altar, serial_shops,
          nicolae_shop_advertising_works [nicolae_subvault_shop_adworks]

Skill      XL: |  1  2  3 |
---------------+----------+-----
Spellcasting   | 3 |  3.2
Dodging        | |  1.7
Stealth        | |  1.7
Conjurations   | |  4.9

Action                     |  1- 3 |  4- 6 || total
---------------------------+-------+-------++-------
  Melee: Dagger            |    22 |       ||    22
         Quarterstaff      |     2 |     2 ||     4
   Cast: Magic Dart        |    76 |       ||    76
 Armour: Robe              |    18 |       ||    18
  Dodge: Dodged            |    26 |     2 ||    28

Table legend: (Time is in decaauts)
 A = Elapsed time spent in this place.
 B = Non-inter-level travel time spent in this place.
 C = Inter-level travel time spent in this place.
 D = Time resting spent in this place.
 E = Time spent auto-exploring this place.
 F = Levels seen in this place.
 G = Mean time per level.
                   A        B        C        D        E       F      G
               +--------+--------+--------+--------+--------+-----+--------+
         Total |   1980 |   1839 |    141 |      0 |   1592 |   2 |  990.0 |
       Dungeon |   1980 |   1839 |    141 |      0 |   1592 |   2 |  990.0 |
               +--------+--------+--------+--------+--------+-----+--------+

Top non-repeatable levels by time:
     D:1: 1139 daAuts
     D:2: 841 daAuts
